 Dungeon Crawl Stone Soup version 0.30.1 (webtiles) character file.

Game seed: 6201179923013096650

329 GloriousHammer the Cleaver (level 6, 0/51 HPs)
             Began as a Hill Orc Monk on July 7, 2023.
             Slain by an orc warrior
             ... wielding a +2 heavy war axe
              (10 damage)
             ... on level 4 of the Dungeon.
             The game lasted 00:03:53 (2958 turns).

GloriousHammer the Cleaver (Hill Orc Monk)          Turns: 2958, Time: 00:03:53

Health: 0/51       AC: 11    Str: 16    XL:     6   Next: 50%
Magic:  6/6        EV:  5    Int: 10    God:
Gold:   152        SH:  0    Dex: 13    Spells: 5/5 levels left

rFire   . . .        a - +1 hand axe (elec)
rCold   . . .        d - orb {light}
rNeg    . . .        l - +0 plate armour
rPois   .            (no helmet)
rElec   .            (no cloak)
rCorr   .            (no gloves)
SInv    .            (no boots)
Will    .....        (no amulet) Stlth
                     (no ring)
HPRegen 0.28/turn    (no ring)
MPRegen 0.10/turn

%: no passive effects
@: glowing
A: no striking features
a: no special abilities


You were on level 4 of the Dungeon.
You visited 1 branch of the dungeon, and saw 4 of its levels.

You collected 152 gold pieces.

Inventory:

Hand Weapons
 a - a +1 hand axe of electrocution (weapon)
Missiles
 p - 4 javelins (quivered)
 t - 4 poisoned darts
Armour
 b - a +0 robe
 d - an orb of light (worn)
 l - a +0 plate armour (worn)
Scrolls
 e - a scroll of brand weapon {unknown}
 f - 7 scrolls of identify {unknown}
 g - a scroll of amnesia {unknown}
 i - 2 scrolls of summoning {unknown}
 m - a scroll of vulnerability {unknown}
 o - 2 scrolls of blinking {unknown}
 r - a scroll of magic mapping {unknown}
 u - a scroll of immolation {unknown}
Potions
 c - 2 potions of ambrosia
 h - 3 potions of curing {unknown}
 j - 3 potions of flight {unknown}
 k - a potion of degeneration {unknown}
 n - a potion of lignification {unknown}
 q - 2 potions of mutation {unknown}
 s - a potion of heal wounds {unknown}


   Skills:
 - Level 3.6 Fighting
 * Level 8.3 Axes
 + Level 3.2 Armour
 - Level 2.4 Dodging


You had 5 spell levels left.
You didn't know any spells.
Your spell library contained the following spells:

 Spells                   Type           Power      Damage    Failure   Level
 Kiss of Death            Conj/Necr      0%         2d5       100%        1
 Summon Small Mammal      Summ           0%         N/A       100%        1
 Sublimation of Blood     Necr           0%         N/A       100%        2
 Wereblood                Tmut           0%         N/A       100%        2
 Dazzling Flash           Conj/Hex       0%         N/A       100%        3
 Hailstorm                Conj/Ice       0%         3d3       100%        3
 Ice Form                 Ice/Tmut       0%         N/A       100%        4
 Simulacrum               Ice/Necr       0%         N/A       100%        6
 Summon Hydra             Summ           0%         N/A       100%        7


Dungeon Overview and Level Annotations

Branches:
Dungeon (4/15)
 Temple: D:4-7

Altars:
Fedhas
Qazlal

Shops:
D:1 (   D:4 *

Annotations:
D:1 1 transporter


Message History

You feel sick.
You feel sick.
You feel sick.
You feel sick.
You feel sick.
You feel sick.
You are no longer poisoned.
A hound comes into view.
A hound is nearby!
The hound barks!
The hound bites you but does no damage. The hound barely misses you.
A quokka comes into view.
You slash the hound!
The hound is heavily wounded.
The hound closely misses you.
You closely miss the hound.
The hound is heavily wounded.
The hound bites you. The hound bites you but does no damage.
You hit the hound.
The hound is almost dead.
The hound bites you.
You barely miss the hound.
The hound is almost dead.
The hound bites you but does no damage.
You hit the hound.
The hound is almost dead.
The hound bites you but does no damage. x2
You hit the hound.
You kill the hound!
The quokka bites you but does no damage.
You hit the quokka.
The quokka is lightly wounded.
The quokka bites you.
You hit the quokka.
The quokka is severely wounded.
The quokka completely misses you.
You hit the quokka but do no damage.
The quokka is severely wounded.
The quokka closely misses you.
You closely miss the quokka.
The quokka is severely wounded.
The quokka bites you but does no damage.
You barely miss the quokka.
The quokka is severely wounded.
The quokka barely misses you.
You hit the quokka.
You kill the quokka!
You see here a quokka corpse.
Key pressed, stopping explore.
HP restored.
Found a stone staircase leading up.
An ogre comes into view. It is wielding a +0 giant club.
The ogre shouts!
A dart slug comes into view.
Found 5 stones.
The dart slug moves out of view.
You slash the ogre! Lightning courses through the ogre!
The ogre is severely wounded.
You hit the ogre.
The ogre is almost dead.
The ogre hits you with a +0 giant club!
You hit the ogre but do no damage.
The ogre is almost dead.
The ogre completely misses you. The dart slug launches a dart at you.
The slug dart hits you but does no damage.
You slash the ogre!
You kill the ogre!
You have reached level 6!
The dart slug launches a dart at you. The slug dart misses you.
The dart slug launches a dart at you.
The slug dart hits you but does no damage.
You hit the dart slug.
The dart slug is heavily wounded.
You hit the dart slug.
The dart slug is heavily wounded.
The dart slug bites you but does no damage.
You hit the dart slug.
The dart slug is almost dead.
You hit the dart slug.
You kill the dart slug!
A howler monkey comes into view.
The howler monkey howls!
The howler monkey hoots and howls with incredible vigour!
You hear a shout! x2
A howler monkey is nearby!
A howler monkey is nearby!
An orc comes into view. It is wielding a +0 dagger.
Found 15 gold pieces.
The orc shouts!
The howler monkey hits you.
You hit the howler monkey but do no damage.
The howler monkey hits you but does no damage.
You slash the howler monkey!
The howler monkey is heavily wounded.
The howler monkey hits you but does no damage.
You hit the howler monkey.
The howler monkey is severely wounded.
The howler monkey hoots and howls with incredible vigour!
The howler monkey barely misses you.
You hear a shout! x3
You hit the howler monkey but do no damage.
The howler monkey is severely wounded.
The howler monkey hoots and howls with incredible vigour!
You hit the howler monkey.
You kill the howler monkey!
Your Axes skill increases to level 8!
Your Armour skill increases to level 3!
You barely miss the orc. The orc hits you but does no damage.
You hit the orc.
The orc is severely wounded.
The orc hits you but does no damage.
You hit the orc.
You kill the orc!
Found 5 stones.
You see here a +0 dagger.
An endoplasm comes into view.
Found a scroll labelled YQIECA CUNYOB.
The endoplasm quivers.
An endoplasm is nearby!
An endoplasm is nearby!
You hit the endoplasm.
The endoplasm is moderately wounded.
The endoplasm hits you but does no damage.
You slash the endoplasm!
You kill the endoplasm!
You now have 152 gold pieces (gained 15).
i - 2 scrolls labelled YQIECA CUNYOB (gained 1)
u - a scroll labelled KOWNEGILEA A dart slug comes into view.
The dart slug launches a dart at you. The slug dart hits you.
A scorpion zombie comes into view.
There are monsters nearby!
There are monsters nearby!
The dart slug launches a dart at you. The slug dart hits you.
The dart slug bites you but does no damage.
A quokka zombie comes into view.
You hit the dart slug.
The dart slug is lightly wounded.
You slash the dart slug!
Lightning courses through the dart slug!
You kill the dart slug!
The quokka zombie bites you but does no damage.
The scorpion zombie hits you but does no damage.
You see here a dart slug corpse.
You hit the scorpion zombie.
The scorpion zombie is lightly damaged.
You hit the quokka zombie. You hit the quokka zombie.
The quokka zombie is severely damaged.
You hit the scorpion zombie but do no damage.
The quokka zombie bites you but does no damage.
The scorpion zombie hits you but does no damage.
You slash the quokka zombie!
You destroy the quokka zombie!
You hit the scorpion zombie.
Lightning courses through the scorpion zombie!
The scorpion zombie hits you but does no damage.
You hit the scorpion zombie.
Lightning courses through the scorpion zombie!
You destroy the scorpion zombie!
No target in view!
No target in view!
An orc warrior comes into view. It is wielding a +2 heavy war axe.
An orc warrior is nearby!
An orc warrior is nearby!
The orc warrior shouts!
You slash the orc warrior!
Lightning courses through the orc warrior!
The orc warrior is severely wounded.
The orc warrior hits you with a +2 heavy war axe!!
You are too injured to fight recklessly!
You are too injured to fight recklessly!
You are too injured to fight recklessly!
You are too injured to fight recklessly!
You are too injured to fight recklessly!
You hit the orc warrior.
The orc warrior is severely wounded.
You hit the orc warrior.
The orc warrior is severely wounded.
The orc warrior hits you with a +2 heavy war axe!!
* * * LOW HITPOINT WARNING * * *
Okay, then.
You hit the orc warrior but do no damage.
The orc warrior is severely wounded.
The orc warrior barely misses you.
You hit the orc warrior.
The orc warrior is almost dead.
You hit the orc warrior but do no damage.
The orc warrior is almost dead.
The orc warrior hits you with a +2 heavy war axe.
* * * LOW HITPOINT WARNING * * *
You hit the orc warrior but do no damage.
The orc warrior is almost dead.
Unknown command.
You hit the orc warrior but do no damage.
The orc warrior is almost dead.
The orc warrior hits you with a +2 heavy war axe!
You die...

## .# .# ♣♣ .#
.♣♣.# ♣♣o♣.# ♣.@♣.#
#♣ ♣..♣†.# #.# ##.
♣.♣♣#.## #.# ..
♣♣♣♣♣##.# #.#
#.##.#..##.# #.#
#.##.#..##.#
#.######..........#
#.##.......###.####
#.##.......# #.#


You could see an orc warrior.

Vanquished Creatures
  An ogre (D:4)
  A scorpion (D:3)
  A howler monkey (D:4)
  A hound (D:4)
  A scorpion zombie (D:4)
  2 adders
  A worm (D:2)
  3 dart slugs
  4 orcs
  3 ball pythons
  4 endoplasms
  3 giant cockroaches (D:1)
  10 goblins
  A hobgoblin (D:2)
  4 kobolds
  7 quokkas
  3 bats
  5 frilled lizards
  A quokka zombie (D:4)
  5 rats
61 creatures vanquished.

Notes
Turn   | Place    | Note
-------+----------+-------------------------------------------
     0 | D:1      | GloriousHammer the Hill Orc Monk began the quest for the
                  | Orb.
     0 | D:1      | Reached XP level 1. HP: 19/19 MP: 1/1
   212 | D:1      | Reached XP level 2. HP: 26/26 MP: 2/2
   325 | D:1      | Reached skill level 5 in Axes
   563 | D:1      | Reached XP level 3. HP: 30/31 MP: 3/3
   795 | D:1      | Found Kucywut's Antique Weapon Emporium.
  1422 | D:2      | Reached skill level 6 in Axes
  1735 | D:3      | Found a blossoming altar of Fedhas.
  1933 | D:3      | Found a faded altar of an unknown god.
  2060 | D:3      | Noticed a scorpion
  2069 | D:3      | Killed a scorpion
  2070 | D:3      | Reached skill level 1 in Armour
  2070 | D:3      | Reached XP level 4. HP: 39/39 MP: 4/4
  2070 | D:3      | Reached XP level 5. HP: 45/45 MP: 5/5
  2306 | D:3      | Reached skill level 7 in Axes
  2545 | D:4      | Found Imisuil's Overcharged Wands.
  2563 | D:4      | Got the Grimoire of the Gang and Conjury
  2644 | D:4      | Noticed a water elemental
  2645 | D:4      | Found a stormy altar of Qazlal.
  2646 | D:4      | Noticed an air elemental
  2647 | D:4      | Noticed a fire elemental
  2777 | D:4      | Noticed an ogre
  2784 | D:4      | Killed an ogre
  2785 | D:4      | Reached XP level 6. HP: 32/51 MP: 6/6
  2902 | D:4      | Reached skill level 8 in Axes
  2949 | D:4      | Noticed an orc warrior
  2958 | D:4      | Slain by an orc warrior

Illustrated notes

Levels and vault maps discovered:
D:1:      spicycebolla_arrival_risky_transporter, layout_loops_ring,
          serial_shops, nicolae_shop_just_a_little_nook
D:2:      layout_basic, nrook_uturn
D:3:      layout_loops_ring, fedhas_altar_1, dreamdust_ecumenical_altar_statues,
          minmay_misc_feat_room
D:4:      layout_loops_cross, nicolae_qazlal_style_of_elements,
          nicolae_yredelemnul_corpse_copse, st_stairs_7,
          nicolae_shop_overcharged_wands, uniq_ijyb

Skill      XL: |  1  2  3  4  5  6 |
---------------+-------------------+-----
Axes           | 5 6 7 8 |  8.3
Armour         | 1 2 3 |  3.2
Fighting       | |  3.6
Dodging        | |  2.4

Action                     |  1- 3 |  4- 6 || total
---------------------------+-------+-------++-------
  Melee: Hand axe          |    89 |    68 ||   157
 Armour: Robe              |     9 |       ||     9
         Plate armour      |    18 |    36 ||    54
  Dodge: Dodged            |    32 |    12 ||    44
